 Dungeon Sprint DCSS version 0.17-a0-2055-gb4e23be (webtiles) character file.

225839 Kidiri the Invulnerable (level 17, -21/171 (173) HPs)
             Began as a Minotaur Fighter on Oct 11, 2015.
             Was the Champion of Okawaru.
             Killed from afar by Gloorx Vloq (27 damage)
             ... with a bolt of negative energy
             ... in the Dungeon (Sprint IX: "|||||||||||||||||||||||||||||").
             The game lasted 00:37:06 (7001 turns).

Kidiri the Invulnerable (Minotaur Fighter)          Turns: 7001, Time: 00:37:06

HP:   -21/171 (173) AC: 42    Str: 29    XL:     17   Next: 20%
MP:   29/29         EV: 23    Int: -1 (0) God:    Okawaru [******]
Gold: 817           SH: 29    Dex: 16    Spells: 0 memorised, 16 levels left

rFire  + . .     SeeInvis +     M - +8 morningstar of Drought {speed, +Rage}
rCold  . . .     Clarity  +     F - +4 plate armour of the Accordion {*Contam rElec MR+ Dex+4}
rNeg   . . .     SustAt   .     a - +2 large shield of the Ancient Cities {rPois rF+ Int-3}
rPois  +         Gourm    .     G - +2 hat
rElec  +         Spirit   .     J - +2 cloak {+Inv}
rCorr  .         Warding  .     E - +0 pair of gloves {Str+3}
rMut   .         NoTele   +     N - +2 pair of boots {run}
MR     ++...                    (no amulet)
Stlth  ..........               c - +4 ring of protection
                                Q - ring of see invisible

@: heroism, finesse, slowed, lost intelligence, drained, very slow, very
resistant to hostile enchantments, extremely unstealthy
A: retaliatory headbutt, beak, claws 1, horns 2, clarity, deterioration 1, dopey
1, electricity resistance, slow regeneration 1, subdued magic 1
a: Heroism, Finesse, Renounce Religion, Evoke Berserk Rage, Evoke Invisibility
}: 4/15 runes: decaying, serpentine, barnacled, gossamer


You were in the Dungeon.
You worshipped Okawaru.
Okawaru was exalted by your worship.
You were hungry.

You visited 1 branch You collected 1914 gold pieces.
You spent 1097 gold pieces at shops.

Inventory:

Hand Weapons
 r - a +4 morningstar of holy wrath
 M - the +8 morningstar of Drought (weapon) {speed, +Rage}
   (You found it in the Dungeon)

   Attacks with this weapon are significantly faster.
   It lets you go berserk.
Missiles
 b - 2 throwing nets (quivered)
Armour
 a - the +2 large shield of the Ancient Cities (worn) {rPois rF+ Int-3}
   (Okawaru gifted it to you in the Dungeon)

   It affects your intelligence (-3).
   It protects you from fire.
   It protects you from poison.
 q - a +3 shield of reflection
 E - a +0 pair of gloves of strength (worn)
 F - the +4 plate armour of the Accordion (worn) {*Contam rElec MR+ Dex+4}
   (Okawaru gifted it to you in the Dungeon)

   It affects your dexterity (+4).
   It insulates you from electricity.
   It affects your resistance to hostile enchantments.
   It causes magical contamination when unequipped.
 G - a +2 hat (worn)
 J - a +2 cloak of invisibility (worn)
 N - a +2 pair of boots of running (worn)
Jewellery
 c - a +4 ring of protection (right hand)
 g - a +6 ring of strength
 s - a +2 ring of evasion
 B - an uncursed ring of protection from cold
 C - an uncursed ring of protection from fire
 K - an uncursed ring of protection from fire
 P - a +2 ring of slaying
 Q - a ring of see invisible (left hand)
Wands
 p - a wand of fire (6)
 y - a wand of confusion (20)
 D - a wand of invisibility (6)
Scrolls
 k - a scroll of blinking
 n - 4 scrolls of remove curse
 o - 2 scrolls of amnesia
 w - 4 scrolls of fog
 x - 2 scrolls of recharging
Potions
 d - 3 potions of might
 f - 6 potions of curing
 h - 2 potions of haste
 i - 4 potions of magic
 j - 2 potions of resistance
 l - 3 potions of agility
 m - a potion of invisibility
 t - a potion of brilliance
 u - 4 potions of berserk rage
Comestibles
 e - 11 bread rations
 z - 40 fruits
 A - 12 meat rations


   Skills:
 + Level 21.3(25.3) Fighting
 O Level 27(25.9) Maces & Flails
 O Level 27(25.9) Armour
 + Level 19.7(23.7) Dodging
 O Level 27(25.9) Shields
 + Level 18.2(17.3) Invocations
 + Level 14.6(13.8) Evocations


You had 16 spell levels left.
You didn't know any spells.

Dungeon Overview and Level Annotations

Branches:
Dungeon (1/1)

Altars:
Cheibriados
Dithmenos
Elyvilon
Fedhas
Gozag
Kikubaaqudgha
Makhleb
Nemelex Xobeh
Okawaru
Qazlal
Ru
Sif Muna
Trog
Vehumet
Xom
Yredelemnul
Zin
The Shining One
Beogh
Jiyva
Lugonu

Shops:
D [(!*

Annotations:
D Gloorx Vloq


Innate Abilities, Weirdness & Mutations

You reflexively headbutt those who attack you in melee.
You have a pair of horns on your head.
You have a beak for a mouth.
You have sharp fingernails.
You possess an exceptional clarity of mind.
Your body sometimes deteriorates upon taking damage.
You are dopey. (Int -2)
You are resistant to electric shocks.
You regenerate slowly when monsters are visible.
Your spells are a little easier to cast, but a little less powerful.


Message History

Your body is wracked with pain!
* * * LOW HITPOINT WARNING * * *
You are engulfed in dark miasma.
You feel your flesh rotting away!
* * * LOW HITPOINT WARNING * * *
Gloorx Vloq gestures at you. The foul vapour engulfs you!
You feel your flesh rotting away!
* * * LOW HITPOINT WARNING * * *
Gloorx Vloq gestures at you. The poison arrow misses you.
Gloorx Vloq gestures at you. The foul vapour engulfs you!
You feel as though you will be slow longer.
* * * LOW HITPOINT WARNING * * *
Drink which item? (? for menu, Esc to quit)
Okay, then.
Gloorx Vloq gestures at you. The bolt of negative energy hits you!
You feel drained.
You die...

(▓.▓.▓.▓.▓.▓)▓.▓'▓
.▓.▓.▓.▓.▓.▓)▓.▓.▓
.▓.▓.▓.▓.▓.▓[▓.▓.▓
.▓.▓.▓.▓.▓.▓'▓.▓&▓
.▓.▓.▓.▓.▓.▓.▓.▓.▓
.▓.▓.▓.▓.▓.▓.▓.▓§▓
.▓.▓.▓.▓.▓.▓.▓.▓§▓
.▓.▓.▓.▓.▓.▓.▓.▓§▓
.▓.▓.▓.▓.▓.▓.▓.▓@▓
.▓.▓.▓.▓.▓.▓.▓.▓.▓
.▓...▓...▓...▓...▓
▓▓▓▓▓▓▓▓▓▓▓▓▓▓▓▓▓▓


You could see Gloorx Vloq.

Vanquished Creatures
  Mnoleg (D)
  Mara (D)
  Mennas (D)
  Boris (D)
  Jory (D)
  Xtahua (D)
  2 sphinxes (D)
  Gastronok (D)
  4 shadow dragons (D)
  Ilsuiw (D)
  3 greater nagas (D)
  3 ghost moths (D)
  3 fire giants (D)
  2 frost giants (D)
  4 emperor scorpions (D)
  2 vault wardens (D)
  An emperor scorpion (shapeshifter) (D)
  2 ironheart preservers (D)
  A stone giant (D)
  4 ettins (D)
  2 merfolk javelineers (D)
  25 vault guards (D)
  2 fire dragons (D)
  6 merfolk impalers (D)
  An entropy weaver (D)
  3 ogre magi (D)
  A great orb of eyes (D)
  A yaktaur captain (D)
  2 naga warriors (D)
  A merfolk avatar (D)
  Erica (D)
  3 alligators (D)
  9 hydras (D)
  4 centaur warriors (D)
  A deep troll shaman (D)
  4 merfolk aquamancers (D)
  A satyr (D)
  2 shock serpents (D)
  A naga sharpshooter (D)
  2 spriggan berserkers (D)
  A deep troll earth mage (D)
  A fire crab (shapeshifter) (D)
  A hell knight (D)
  2 salamander mystics (D)
  A sea snake (D)
  An unseen horror (D)
  A giant orange brain (D)
  4 swamp dragons (D)
  A harpy (D)
  4 deep trolls (D)
  8 orc knights (D)
  An ironbrand convoker (D)
  A wizard (D)
  A deep elf conjurer (D)
  2 griffons (D)
  3 wolf spiders (D)
  A manticore (D)
  11 hill giants (D)
  A necromancer (D)
  An orc sorcerer (D)
  A cyclops (D)
  5 black mambas (D)
  2 sirens (D)
  2 naga magi (D)
  An elephant (D)
  2 guardian serpents (D)
  Maurice (D)
  Joseph (D)
  5 moths of wrath (D)
  3 vault sentinels (D)
  Psyche (D)
  2 spiny frogs (D)
  A demonic crawler (D)
  A freezing wraith (D)
  2 yaktaurs (D)
  3 jumping spiders (D)
  3 merfolk (D)
  2 trolls (D)
  4 slime creatures (D)
  3 bog bodies (D)
  A redback (D)
  2 shadows (D)
  A tarantella (D)
  A spriggan (shapeshifter) (D)
  A trapdoor spider (D)
  Eustachio (D)
  3 wargs (D)
  5 wolves (D)
  5 nagas (D)
  5 orc warriors (D)
  5 porcupines (D)
  A black bear (D)
  A hell hound (D)
  A wasp (D)
  3 water moccasins (D)
  A centaur (D)
  An ice beast (D)
  A spider (D)
  2 crocodiles (D)
  2 boggarts (D)
  3 giant frogs (D)
  A killer bee (D)
  A crimson imp (D)
  6 orc wizards (D)
  2 hounds (D)
  An orc priest (D)
  A worker ant (D)
  A sheep (D)
  An ooze (D)
  10 orcs (D)
  A ball python (D)
  A bat skeleton (D)
  A quokka (D)
  A giant cockroach (D)
  2 goblins (D)
  A quokka skeleton (D)
  A rat (D)
281 creatures vanquished.

Vanquished Creatures (others)
  Frederick (D)
  Nikola (D)
  A shadow (D)
3 creatures vanquished.

Grand Total: 284 creatures vanquished

Notes
Turn   | Place    | Note
--------------------------------------------------------------
     0 | D        | Kidiri the Minotaur Fighter began the quest for the Orb.
     0 | D        | Reached XP level 1. HP: 19/19 MP: 0/0
     9 | D        | Reached skill level 4 in Shields
    87 | D        | Noticed an orc wizard
    87 | D        | Noticed a hound
    87 | D        | Noticed a crimson imp
    98 | D        | Killed a crimson imp
    98 | D        | Reached skill level 5 in Armour
    98 | D        | Reached skill level 5 in Shields
    98 | D        | Reached XP level 2. HP: 16/28 MP: 1/1
    98 | D        | Reached XP level 3. HP: 19/34 MP: 2/2
   106 | D        | Killed an orc wizard
   106 | D        | Reached skill level 5 in Maces & Flails
   108 | D        | Reached skill level 6 in Armour
   108 | D        | Reached XP level 4. HP: 14/41 MP: 3/3
   109 | D        | Killed a hound
   109 | D        | Reached skill level 5 in Fighting
   122 | D        | Found a glowing silver altar of Zin.
   122 | D        | Found a glowing golden altar of the Shining One.
   122 | D        | Found an ancient bone altar of Kikubaaqudgha.
   122 | D        | Found a basalt altar of Yredelemnul.
   122 | D        | Found a shimmering altar of Xom.
   122 | D        | Found a radiant altar of Vehumet.
   123 | D        | Found an iron altar of Okawaru.
   124 | D        | Found a burning altar of Makhleb.
   125 | D        | Found a deep blue altar of Sif Muna.
   126 | D        | Found a bloodstained altar of Trog.
   127 | D        | Found a sparkling altar of Nemelex Xobeh.
   128 | D        | Found a white marble altar of Elyvilon.
   129 | D        | Found a roughly hewn altar of Beogh.
   130 | D        | Found a viscous altar of Jiyva.
   131 | D        | Became a worshipper of Warmaster Okawaru
   132 | D        | Found a corrupted altar of Lugonu.
   133 | D        | Found a blossoming altar of Fedhas.
   134 | D        | Found a snail-covered altar of Cheibriados.
   135 | D        | Found a shadowy altar of Dithmenos.
   136 | D        | Found a stormy altar of Qazlal.
   137 | D        | Found an opulent altar of Gozag.
   138 | D        | Found a sacrificial altar of Ru.
   316 | D        | Noticed a hound
   316 | D        | Noticed an ice beast
   316 | D        | Noticed a crocodile
   316 | D        | Noticed a hill giant
   316 | D        | Noticed a water moccasin
   319 | D        | HP: 1/42 [hill giant/giant club (29)]
   326 | D        | Killed a hill giant
   326 | D        | Acquired Okawaru's first power
   326 | D        | Reached skill level 7 in Fighting
   326 | D        | Reached skill level 9 in Maces & Flails
   326 | D        | Reached skill level 5 in Dodging
   326 | D        | Reached XP level 5. HP: 34/52 MP: 3/6
   326 | D        | Reached XP level 6. HP: 39/60 MP: 3/7
   327 | D        | Killed a water moccasin
   327 | D        | Reached XP level 7. HP: 42/66 MP: 3/8
   338 | D        | Killed a crocodile
   341 | D        | Killed an ice beast
   341 | D        | Reached skill level 10 in Armour
   341 | D        | Reached skill level 10 in Shields
   345 | D        | Killed a hound
   345 | D        | Reached skill level 10 in Maces & Flails
   613 | D        | Noticed a centaur warrior
   613 | D        | Noticed a killer bee
   613 | D        | Noticed a shadow
   613 | D        | Noticed a worker ant
   613 | D        | Noticed a centaur
   617 | D        | Killed a centaur
   620 | D        | Killed a worker ant
   620 | D        | Killed a shadow
   627 | D        | Killed a centaur warrior
   627 | D        | Reached skill level 11 in Maces & Flails
   627 | D        | Reached skill level 5 in Invocations
   627 | D        | Reached XP level 8. HP: 72/75 MP: 8/11
   635 | D        | Killed a killer bee
   760 | D        | Noticed a spiny frog
   760 | D        | Noticed a water moccasin
   760 | D        | Noticed a crocodile
   760 | D        | Noticed a black bear
   760 | D        | Noticed a giant frog
   760 | D        | Noticed a spiny frog
   762 | D        | Noticed a water moccasin
   766 | D        | Killed a spiny frog
   768 | D        | Noticed a wolf
   771 | D        | Killed a giant frog
   771 | D        | Acquired Okawaru's second power
   773 | D        | Noticed a porcupine
   777 | D        | Killed a black bear
   777 | D        | Reached XP level 9. HP: 80/83 MP: 10/12
   779 | D        | Killed a crocodile
   779 | D        | Reached skill level 12 in Armour
   784 | D        | Killed a water moccasin
   790 | D        | Killed a spiny frog
   798 | D        | Killed a water moccasin
   806 | D        | Killed a wolf
   808 | D        | Killed a porcupine
   853 | D        | Noticed an elephant
   853 | D        | Noticed a black mamba
   853 | D        | Noticed a porcupine
   853 | D        | Noticed a giant frog
   853 | D        | Noticed a porcupine
   853 | D        | Noticed a porcupine
   854 | D        | Killed a porcupine
   855 | D        | Noticed a porcupine
   856 | D        | Killed a porcupine
   860 | D        | Killed a giant frog
   861 | D        | Noticed a black mamba
   862 | D        | Killed a porcupine
   862 | D        | Reached skill level 13 in Armour
   875 | D        | Killed a black mamba
   875 | D        | Received a gift from Okawaru
   875 | D        | Reached skill level 10 in Fighting
   887 | D        | Killed an elephant
   891 | D        | Killed a porcupine
   891 | D        | Reached XP level 10. HP: 63/93 MP: 8/14
   896 | D        | Killed a black mamba
  1021 | D        | Noticed a warg
  1021 | D        | Noticed a wolf
  1021 | D        | Noticed a wolf
  1021 | D        | Noticed a hell hound
  1022 | D        | Noticed a warg
  1024 | D        | Noticed a wolf
  1029 | D        | Noticed a warg
  1030 | D        | Killed a wolf
  1039 | D        | Killed a hell hound
  1044 | D        | Killed a wolf
  1049 | D        | Killed a warg
  1053 | D        | Noticed a wolf
  1053 | D        | Killed a warg
  1059 | D        | Killed a warg
  1059 | D        | Reached skill level 14 in Armour
  1064 | D        | Killed a wolf
  1068 | D        | Killed a wolf
  1136 | D        | Noticed Erica
  1149 | D        | Killed Erica
  1211 | D        | Noticed Maurice
  1229 | D        | Killed Maurice
  1252 | D        | Noticed Gastronok
  1275 | D        | Killed Gastronok
  1275 | D        | Received a gift from Okawaru
  1275 | D        | Reached skill level 15 in Armour
  1275 | D        | Reached skill level 15 in Shields
  1275 | D        | Reached XP level 11. HP: 47/102 MP: 13/16
  1276 | D        | Got a spiked plate armour {god gift}
  1287 | D        | Identified the +4 plate armour of the Accordion {*Contam rElec MR+ Dex+4} (Okawaru gifted it to you in the Dungeon)
  1298 | D        | Noticed Eustachio
  1315 | D        | Killed Eustachio
  1315 | D        | Reached skill level 15 in Maces & Flails
  1318 | D        | Noticed Psyche
  1330 | D        | Killed Psyche
  1330 | D        | Reached skill level 10 in Dodging
  1563 | D        | Noticed an orc wizard
  1563 | D        | Noticed an orc wizard
  1563 | D        | Noticed an orc knight
  1563 | D        | Noticed an orc wizard
  1571 | D        | Noticed an orc wizard
  1573 | D        | Killed an orc wizard
  1593 | D        | Killed an orc knight
  1598 | D        | Killed an orc wizard
  1601 | D        | Killed an orc wizard
  1602 | D        | Noticed an orc wizard
  1603 | D        | Killed an orc wizard
  1612 | D        | Noticed an orc priest
  1615 | D        | Killed an orc wizard
  1625 | D        | Killed an orc priest
  1791 | D        | Noticed an orc knight
  1791 | D        | Noticed an orc warrior
  1791 | D        | Noticed an orc warrior
  1791 | D        | Noticed an orc sorcerer
  1795 | D        | Killed an orc sorcerer
  1796 | D        | Noticed an orc warrior
  1800 | D        | Killed an orc warrior
  1801 | D        | Noticed an orc knight
  1803 | D        | Killed an orc warrior
  1804 | D        | Noticed an orc knight
  1809 | D        | Killed an orc knight
  1813 | D        | Killed an orc warrior
  1814 | D        | Noticed an orc warrior
  1817 | D        | Noticed an orc warrior
  1824 | D        | Killed an orc knight
  1838 | D        | Killed an orc knight
  1847 | D        | Killed an orc warrior
  1849 | D        | Killed an orc warrior
  1901 | D        | Found Riyrueth's Assorted Antiques.
  1901 | D        | Noticed a hill giant
  1901 | D        | Noticed a hill giant
  1901 | D        | Noticed a hill giant
  1901 | D        | Noticed a deep troll
  1901 | D        | Noticed a hill giant
  1902 | D        | Noticed a hill giant
  1913 | D        | Killed a hill giant
  1913 | D        | Reached skill level 16 in Armour
  1916 | D        | Killed a deep troll
  1920 | D        | Killed a hill giant
  1926 | D        | Killed a hill giant
  1932 | D        | Killed a hill giant
  1938 | D        | Killed a hill giant
  1938 | D        | Reached skill level 10 in Invocations
  2170 | D        | Found Jucis's Distillery.
  2172 | D        | Noticed a hill giant
  2173 | D        | Found Quazo's Weapon Boutique.
  2173 | D        | Noticed a deep troll
  2179 | D        | Killed a hill giant
  2180 | D        | Found Toimmuot's Antique Armour Shop.
  2180 | D        | Noticed a deep troll
  2185 | D        | Killed a deep troll
  2187 | D        | Noticed a deep troll
  2196 | D        | Killed a deep troll
  2197 | D        | Noticed a troll
  2198 | D        | Noticed a troll
  2198 | D        | Noticed an ogre mage
  2203 | D        | Killed a deep troll
  2203 | D        | Reached skill level 17 in Armour
  2203 | D        | Reached XP level 12. HP: 105/113 MP: 12/18
  2206 | D        | Killed a troll
  2209 | D        | Killed a troll
  2218 | D        | Killed an ogre mage
  2271 | D        | Bought 2 potions of beneficial mutation for 700 gold pieces
  2271 | D        | Bought a potion of heal wounds for 50 gold pieces
  2271 | D        | Bought a potion of mutation for 25 gold pieces
  2275 | D        | Bought a pair of glowing gloves for 85 gold pieces
  2281 | D        | Bought a runed cloak for 112 gold pieces
  2281 | D        | Bought a copper ring for 125 gold pieces
  2306 | D        | Gained mutation: Your magical capacity is low (-10% MP). [potion of mutation]
  2306 | D        | Gained mutation: You are resistant to electric shocks. [potion of mutation]
  2307 | D        | Gained mutation: You possess an exceptional clarity of mind. [potion of beneficial mutation]
  2308 | D        | Gained mutation: Your spells are a little harder to cast, but a little more powerful. [potion of beneficial mutation]
  2431 | D        | Got the +5 morningstar of Forgiveness {crush, Dex+2}
  2435 | D        | Got the +8 morningstar of Drought {speed, +Rage}
  2456 | D        | Identified a +2 pair of boots of running (You found it in the Dungeon)
  2488 | D        | Noticed a cyclops
  2488 | D        | Noticed a hill giant
  2488 | D        | Noticed a hill giant
  2488 | D        | Noticed a shadow
  2488 | D        | Noticed a shadow
  2489 | D        | Noticed a slime creature
  2496 | D        | Killed a shadow
  2497 | D        | Noticed a giant frog
  2498 | D        | Killed a shadow
  2499 | D        | Noticed a spriggan
  2505 | D        | Killed a hill giant
  2505 | D        | Reached skill level 1 in Evocations
  2506 | D        | Noticed an ogre mage
  2509 | D        | Killed a hill giant
  2509 | D        | Received a gift from Okawaru
  2510 | D        | Got a warped morningstar {god gift}
  2511 | D        | Noticed a deep troll shaman
  2512 | D        | Noticed a boggart
  2513 | D        | Noticed a fire dragon
  2515 | D        | Killed a cyclops
  2517 | D        | Noticed an ettin
  2521 | D        | Killed a slime creature
  2526 | D        | Noticed an ogre mage
  2526 | D        | Killed a giant frog
  2529 | D        | Killed a spriggan
  2533 | D        | Killed an ogre mage
  2538 | D        | Killed a deep troll shaman
  2546 | D        | Killed a fire dragon
  2552 | D        | Killed an ettin
  2554 | D        | Killed a boggart
  2559 | D        | Killed an ogre mage
  2559 | D        | Reached skill level 18 in Armour
  2560 | D        | Identified the +2 morningstar of Viteumu {crush, rF+} (Okawaru gifted it to you in the Dungeon)
  2700 | D        | Noticed Joseph
  2712 | D        | Killed Joseph
  2749 | D        | Noticed a manticore
  2749 | D        | Noticed a sea snake
  2749 | D        | Noticed a merfolk javelineer
  2749 | D        | Noticed a merfolk
  2749 | D        | Noticed a siren
  2749 | D        | Noticed a merfolk
  2753 | D        | Noticed a siren
  2759 | D        | Killed a merfolk
  2759 | D        | Received a gift from Okawaru
  2761 | D        | Noticed a satyr
  2766 | D        | Killed a merfolk javelineer
  2767 | D        | Noticed a merfolk impaler
  2770 | D        | Killed a merfolk
  2773 | D        | Killed a siren
  2781 | D        | Killed a sea snake
  2786 | D        | Killed a manticore
  2796 | D        | Killed a siren
  2803 | D        | Killed a satyr
  2811 | D        | Killed a merfolk impaler
  2811 | D        | Reached XP level 13. HP: 80/123 MP: 14/18
  2967 | D        | Noticed a bog body
  2967 | D        | Noticed a slime creature
  2967 | D        | Noticed a bog body
  2967 | D        | Noticed a bog body
  2967 | D        | Noticed a wasp
  2967 | D        | Noticed an alligator
  2968 | D        | Noticed a slime creature
  2976 | D        | Killed an alligator
  2976 | D        | Received a gift from Okawaru
  2978 | D        | Killed a wasp
  2984 | D        | Killed a bog body
  2987 | D        | Killed a bog body
  2988 | D        | Noticed an alligator
  2991 | D        | Killed a slime creature
  2992 | D        | Noticed an alligator
  2995 | D        | Killed a bog body
  3000 | D        | Killed a slime creature
  3008 | D        | Killed an alligator
  3014 | D        | Killed an alligator
  3014 | D        | Reached skill level 19 in Armour
  3014 | D        | Reached skill level 5 in Evocations
  3187 | D        | Noticed a shock serpent
  3187 | D        | Noticed a black mamba
  3187 | D        | Noticed a black mamba
  3187 | D        | Noticed a salamander mystic
  3187 | D        | Noticed a black mamba
  3187 | D        | Noticed a shock serpent
  3191 | D        | Killed a shock serpent
  3198 | D        | Killed a black mamba
  3199 | D        | Noticed a naga
  3202 | D        | Killed a salamander mystic
  3206 | D        | Killed a black mamba
  3207 | D        | Noticed a naga sharpshooter
  3210 | D        | Noticed a salamander mystic
  3217 | D        | Killed a shock serpent
  3224 | D        | Killed a black mamba
  3229 | D        | Killed a naga
  3240 | D        | Killed a naga sharpshooter
  3240 | D        | Received a gift from Okawaru
  3244 | D        | Killed a salamander mystic
  3574 | D        | Noticed an emperor scorpion
  3574 | D        | Noticed a wolf spider
  3574 | D        | Noticed a tarantella
  3574 | D        | Noticed a jumping spider
  3574 | D        | Noticed a redback
  3574 | D        | Noticed a spider
  3577 | D        | Killed a spider
  3578 | D        | Noticed a trapdoor spider
  3581 | D        | Killed a redback
  3586 | D        | Killed a jumping spider
  3587 | D        | Killed a tarantella
  3588 | D        | Noticed a jumping spider
  3591 | D        | Killed a wolf spider
  3592 | D        | Noticed a jumping spider
  3598 | D        | Killed a jumping spider
  3601 | D        | Killed a trapdoor spider
  3611 | D        | Killed an emperor scorpion
  3620 | D        | Killed a jumping spider
  3896 | D        | Noticed a sphinx
  3896 | D        | Noticed an ettin
  3896 | D        | Noticed a boggart
  3896 | D        | Noticed an ettin
  3896 | D        | Noticed a frost giant
  3896 | D        | Noticed a fire giant
  3902 | D        | Killed a fire giant
  3903 | D        | Noticed a shadow dragon
  3910 | D        | Killed a frost giant
  3911 | D        | Noticed a deep troll earth mage
  3912 | D        | Noticed a hell knight
  3915 | D        | Killed an ettin
  3915 | D        | Reached skill level 20 in Armour
  3916 | D        | Killed a boggart
  3916 | D        | Reached skill level 15 in Fighting
  3917 | D        | Noticed a spriggan berserker
  3922 | D        | Killed an ettin
  3923 | D        | Noticed a spriggan berserker
  3929 | D        | Killed a sphinx
  3930 | D        | Noticed a fire giant
  3942 | D        | Killed a shadow dragon
  3943 | D        | Noticed an entropy weaver
  3948 | D        | Killed a deep troll earth mage
  3949 | D        | Noticed a slime creature
  3954 | D        | Killed a hell knight
  3957 | D        | Noticed a hornet
  3973 | D        | Noticed a centaur warrior
  3981 | D        | Killed a spriggan berserker
  3981 | D        | Reached XP level 14. HP: 111/135 MP: 15/20
  3995 | D        | Killed a spriggan berserker
  3997 | D        | Noticed a great orb of eyes
  4000 | D        | Killed a fire giant
  4008 | D        | Noticed a giant orange brain
  4010 | D        | Killed an entropy weaver
  4013 | D        | Killed a slime creature
  4017 | D        | Paralysed by a hornet for 4 turns
  4021 | D        | a hornet changed into a fire crab
  4038 | D        | Killed a centaur warrior
  4044 | D        | Killed a great orb of eyes
  4044 | D        | Received a gift from Okawaru
  4051 | D        | Killed a giant orange brain
  4075 | D        | Gained mutation: You have a beak for a mouth. [mutagenic meat]
  4077 | D        | Lost mutation: Your spells are a little harder to cast, but a little more powerful. [mutagenic meat]
  4245 | D        | Noticed a vault warden
  4245 | D        | Noticed a hill giant
  4245 | D        | Noticed a centaur warrior
  4245 | D        | Noticed a harpy
  4245 | D        | Noticed a griffon
  4248 | D        | Noticed a wizard
  4254 | D        | Killed a griffon
  4254 | D        | Reached skill level 21 in Armour
  4255 | D        | Noticed an ironheart preserver
  4257 | D        | Killed a harpy
  4259 | D        | Killed a centaur warrior
  4260 | D        | Noticed a vault sentinel
  4267 | D        | Killed an unseen horror
  4268 | D        | Noticed a centaur warrior
  4269 | D        | Noticed a hill giant
  4270 | D        | Killed a hill giant
  4272 | D        | Noticed a yaktaur
  4278 | D        | Killed a vault warden
  4279 | D        | Noticed an orc knight
  4286 | D        | Killed an ironheart preserver
  4287 | D        | Noticed an emperor scorpion
  4289 | D        | Killed a wizard
  4290 | D        | Noticed a yaktaur
  4292 | D        | Killed a vault sentinel
  4293 | D        | Noticed a fire dragon
  4295 | D        | Killed a centaur warrior
  4296 | D        | Noticed an ironheart preserver
  4299 | D        | Killed a hill giant
  4300 | D        | Noticed a griffon
  4301 | D        | Killed a yaktaur
  4302 | D        | Noticed a vault sentinel
  4307 | D        | Killed an orc knight
  4315 | D        | Killed an emperor scorpion
  4316 | D        | Noticed a stone giant
  4317 | D        | Killed a yaktaur
  4318 | D        | Noticed a sphinx
  4322 | D        | Killed a fire dragon
  4328 | D        | Killed an ironheart preserver
  4334 | D        | Killed a griffon
  4337 | D        | Killed a vault sentinel
  4343 | D        | Killed a stone giant
  4352 | D        | Killed a sphinx
  4352 | D        | Reached skill level 15 in Dodging
  4463 | D        | Noticed Jory
  4465 | D        | Noticed Frederick
  4470 | D        | Noticed Nikola
  4489 | D        | Killed Jory
  4489 | D        | Reached skill level 22 in Armour
  4499 | D        | Killed Frederick
  4509 | D        | Killed Nikola
  4515 | D        | Noticed Mennas
  4543 | D        | Killed Mennas
  4543 | D        | Received a gift from Okawaru
  4543 | D        | Reached XP level 15. HP: 67/147 MP: 19/22
  4965 | D        | Noticed Xtahua
  4965 | D        | Noticed Boris
  4980 | D        | Killed Xtahua
  4980 | D        | Reached skill level 10 in Evocations
  4992 | D        | Killed Boris
  4992 | D        | Reached skill level 23 in Maces & Flails
  5068 | D        | Noticed a merfolk aquamancer
  5068 | D        | Noticed a merfolk impaler
  5068 | D        | Noticed a merfolk
  5068 | D        | Noticed a merfolk impaler
  5068 | D        | Noticed a merfolk aquamancer
  5068 | D        | Noticed a merfolk aquamancer
  5069 | D        | Noticed Ilsuiw
  5070 | D        | Killed a merfolk aquamancer
  5070 | D        | Received a gift from Okawaru
  5076 | D        | Killed a merfolk aquamancer
  5077 | D        | Noticed a merfolk aquamancer
  5084 | D        | Noticed a merfolk impaler
  5084 | D        | Killed a merfolk impaler
  5087 | D        | Noticed a merfolk impaler
  5098 | D        | Killed a merfolk impaler
  5100 | D        | Noticed a merfolk javelineer
  5103 | D        | Killed a merfolk aquamancer
  5114 | D        | Killed Ilsuiw
  5117 | D        | Killed a merfolk aquamancer
  5117 | D        | Reached skill level 15 in Invocations
  5122 | D        | Killed a merfolk impaler
  5123 | D        | Noticed a merfolk impaler
  5124 | D        | Noticed a merfolk avatar
  5129 | D        | Killed a merfolk impaler
  5139 | D        | Killed a merfolk javelineer
  5144 | D        | Killed a merfolk
  5151 | D        | Killed a merfolk avatar
  5159 | D        | Killed a merfolk impaler
  5174 | D        | Got a barnacled rune of Zot
  5225 | D        | Noticed a four-headed hydra
  5225 | D        | Noticed an eight-headed hydra
  5225 | D        | Noticed a five-headed hydra
  5225 | D        | Noticed an eight-headed hydra
  5225 | D        | Noticed an eight-headed hydra
  5225 | D        | Noticed a swamp dragon
  5228 | D        | Noticed a six-headed hydra
  5229 | D        | Killed a swamp dragon
  5231 | D        | Noticed a swamp dragon
  5232 | D        | Killed an eight-headed hydra
  5233 | D        | Noticed a five-headed hydra
  5237 | D        | Killed an eight-headed hydra
  5239 | D        | Killed a five-headed hydra
  5240 | D        | Noticed a five-headed hydra
  5241 | D        | Noticed a swamp dragon
  5244 | D        | Killed an eight-headed hydra
  5245 | D        | Noticed a four-headed hydra
  5248 | D        | Killed a four-headed hydra
  5248 | D        | Reached skill level 24 in Armour
  5249 | D        | Noticed a swamp dragon
  5253 | D        | Killed a six-headed hydra
  5256 | D        | Killed a swamp dragon
  5259 | D        | Killed a five-headed hydra
  5264 | D        | Killed a five-headed hydra
  5267 | D        | Killed a swamp dragon
  5271 | D        | Killed a four-headed hydra
  5278 | D        | Killed a swamp dragon
  5281 | D        | Got a decaying rune of Zot
  5308 | D        | Noticed an emperor scorpion
  5308 | D        | Noticed a moth of wrath
  5308 | D        | Noticed a moth of wrath
  5308 | D        | Noticed a moth of wrath
  5308 | D        | Noticed a ghost moth
  5308 | D        | Noticed a ghost moth
  5313 | D        | Killed a ghost moth
  5321 | D        | Killed a ghost moth
  5322 | D        | Noticed a moth of wrath
  5324 | D        | Killed a moth of wrath
  5329 | D        | Killed a moth of wrath
  5330 | D        | Noticed a demonic crawler
  5334 | D        | Killed a moth of wrath
  5335 | D        | Noticed a moth of wrath
  5336 | D        | Noticed an emperor scorpion
  5344 | D        | Noticed a wolf spider
  5349 | D        | Noticed a ghost moth
  5355 | D        | Killed an emperor scorpion
  5359 | D        | Killed a moth of wrath
  5365 | D        | Killed a demonic crawler
  5365 | D        | Received a gift from Okawaru
  5370 | D        | Killed a moth of wrath
  5383 | D        | Killed an emperor scorpion
  5383 | D        | Reached XP level 16. HP: 136/159 MP: 1/24
  5385 | D        | Killed a wolf spider
  5391 | D        | Killed a ghost moth
  5393 | D        | Noticed an emperor scorpion
  5405 | D        | Killed an emperor scorpion
  5411 | D        | Got a gossamer rune of Zot
  5429 | D        | Gained mutation: You are resistant to hostile enchantments. [mutagenic meat]
  5430 | D        | Lost mutation: Your magical capacity is low (-10% MP). [mutagenic meat]
  5431 | D        | Lost mutation: You are resistant to hostile enchantments. [mutagenic meat]
  5432 | D        | Gained mutation: You are clumsy. (Dex -2) [mutagenic meat]
  5433 | D        | Lost mutation: You are clumsy. (Dex -2) [mutagenic meat]
  5537 | D        | Noticed a naga
  5537 | D        | Noticed a guardian serpent
  5537 | D        | Noticed a naga mage
  5537 | D        | Noticed a naga
  5537 | D        | Noticed a greater naga
  5537 | D        | Noticed a naga mage
  5538 | D        | Noticed a greater naga
  5544 | D        | Killed a naga mage
  5545 | D        | Noticed a guardian serpent
  5550 | D        | Killed a greater naga
  5551 | D        | Killed a naga
  5552 | D        | Noticed a naga warrior
  5553 | D        | Noticed a naga warrior
  5553 | D        | Killed a naga mage
  5557 | D        | Killed a naga warrior
  5561 | D        | Killed a guardian serpent
  5564 | D        | Killed a greater naga
  5564 | D        | Reached skill level 25 in Armour
  5565 | D        | Noticed a greater naga
  5566 | D        | Noticed a naga
  5568 | D        | Killed a naga
  5569 | D        | Noticed a naga
  5571 | D        | Killed a guardian serpent
  5575 | D        | Killed a naga warrior
  5582 | D        | Killed a greater naga
  5584 | D        | Killed a naga
  5587 | D        | Killed a naga
  5592 | D        | Got a serpentine rune of Zot
  5609 | D        | Gained mutation: You have sharp fingernails. [mutagenic meat]
  5610 | D        | Gained mutation: Your spells are a little easier to cast, but a little less powerful. [mutagenic meat]
  5611 | D        | Gained mutation: You are dopey. (Int -2) [mutagenic meat]
  5612 | D        | Gained mutation: You regenerate slowly when monsters are visible. [mutagenic meat]
  5725 | D        | Noticed Mara
  5737 | D        | Killed Mara
  5737 | D        | Received a gift from Okawaru
  5868 | D        | Noticed a vault guard
  5868 | D        | Noticed a vault guard
  5868 | D        | Noticed a vault guard
  5868 | D        | Noticed a vault guard
  5868 | D        | Noticed a vault guard
  5868 | D        | Noticed a vault guard
  5877 | D        | Killed a vault guard
  5878 | D        | Noticed a vault guard
  5889 | D        | Killed a vault guard
  5894 | D        | Killed a vault guard
  5895 | D        | Noticed a vault guard
  5899 | D        | Noticed a vault guard
  5902 | D        | Killed a vault guard
  5904 | D        | Noticed a vault guard
  5905 | D        | Noticed a vault guard
  5909 | D        | Killed a vault guard
  5910 | D        | Noticed a vault guard
  5916 | D        | Killed a vault guard
  5921 | D        | Noticed a vault guard
  5925 | D        | Killed a vault guard
  5931 | D        | Killed a vault guard
  5932 | D        | Noticed a vault guard
  5933 | D        | Noticed a vault guard
  5938 | D        | Killed a vault guard
  5940 | D        | Noticed a vault guard
  5946 | D        | Killed a vault guard
  5948 | D        | Noticed a vault guard
  5956 | D        | Killed a vault guard
  5960 | D        | Killed a vault guard
  5961 | D        | Noticed a vault guard
  5963 | D        | Killed a vault guard
  5963 | D        | Reached skill level 26 in Armour
  5969 | D        | Noticed a vault guard
  5970 | D        | Killed a vault guard
  5977 | D        | Killed a vault guard
  5977 | D        | Received a gift from Okawaru
  5984 | D        | Killed a vault guard
  5985 | D        | Noticed a vault guard
  5989 | D        | Killed a vault guard
  5990 | D        | Noticed a vault guard
  5997 | D        | Killed a vault guard
  5999 | D        | Noticed a vault guard
  6004 | D        | Killed a vault guard
  6006 | D        | Noticed a vault guard
  6008 | D        | Noticed a vault guard
  6012 | D        | Killed a vault guard
  6014 | D        | Noticed a vault guard
  6016 | D        | Killed a vault guard
  6029 | D        | Killed a vault guard
  6033 | D        | Killed a vault guard
  6041 | D        | Killed a vault guard
  6045 | D        | Killed a vault guard
  6126 | D        | Gained mutation: Your body sometimes deteriorates upon taking damage. [mutagenic glow]
  6374 | D        | Noticed a shadow dragon
  6374 | D        | Noticed an orc knight
  6374 | D        | Noticed a deep elf conjurer
  6374 | D        | Noticed a vault sentinel
  6374 | D        | Noticed a wolf spider
  6374 | D        | Noticed a necromancer
  6375 | D        | Noticed a yaktaur captain
  6377 | D        | Killed a necromancer
  6378 | D        | Noticed a freezing wraith
  6380 | D        | Killed a wolf spider
  6381 | D        | Noticed an orc knight
  6386 | D        | Killed a vault sentinel
  6387 | D        | Noticed an ettin
  6388 | D        | Noticed a fire giant
  6390 | D        | Killed a deep elf conjurer
  6400 | D        | Killed a shadow dragon
  6404 | D        | Killed an orc knight
  6409 | D        | Noticed a shadow dragon
  6409 | D        | Killed a yaktaur captain
  6411 | D        | Killed a freezing wraith
  6412 | D        | Noticed a vault warden
  6413 | D        | Noticed a shadow dragon
  6416 | D        | Noticed a frost giant
  6416 | D        | Killed a fire giant
  6418 | D        | Noticed an ironbrand convoker
  6421 | D        | Killed an orc knight
  6426 | D        | Killed an ettin
  6427 | D        | Noticed an orc knight
  6435 | D        | Killed a shadow dragon
  6448 | D        | Noticed Gloorx Vloq
  6448 | D        | Noticed Mnoleg
  6448 | D        | Killed a vault warden
  6448 | D        | Reached XP level 17. HP: 166/171 MP: 25/28
  6452 | D        | Noticed a tentacled monstrosity
  6461 | D        | Killed a shadow dragon
  6467 | D        | Killed a frost giant
  6467 | D        | Reached skill level 27 in Armour
  6467 | D        | Reached skill level 27 in Shields
  6473 | D        | Killed an ironbrand convoker
  6479 | D        | Killed an orc knight
  6479 | D        | Reached skill level 27 in Maces & Flails
  6963 | D        | Killed Mnoleg
  6963 | D        | Received a gift from Okawaru
  6964 | D        | Got a translucent large shield {god gift}
  6975 | D        | Identified the +2 large shield of the Ancient Cities {rPois rF+ Int-3} (Okawaru gifted it to you in the Dungeon)
  6975 | D        | Lost intelligence.
  7000 | D        | HP: 6/171 [Gloorx Vloq/foul vapour (23)]
  7001 | D        | Killed from afar by Gloorx Vloq

Vault maps used:
D:        linesprint

Action                   |  1- 3 |  4- 6 |  7- 9 | 10-12 | 13-15 | 16-18 || total
-------------------------+-------+-------+-------+-------+-------+-------++-------
Melee: Flail             |    31 |     9 |   119 |   164 |       |       ||   323
       Morningstar       |       |       |       |   227 |   598 |   354 ||  1179
       Eveningstar       |       |       |       |       |    18 |       ||    18
Throw: Throwing net      |       |       |       |       |     1 |       ||     1
Invok: Heroism           |       |       |     3 |    10 |     9 |     5 ||    27
       Finesse           |       |       |     1 |    10 |     9 |     5 ||    25
 Abil: Evoke Invisibilit |       |       |       |       |     3 |     2 ||     5
Evoke: Wand              |       |       |       |     1 |       |       ||     1
  Use: Potion            |       |     3 |       |     4 |     2 |     5 ||    14
       Scroll            |       |       |     2 |     5 |     4 |     3 ||    14
 Stab: Invisible         |       |       |       |       |    17 |       ||    17
  Eat: Chunk             |       |       |     1 |     8 |    12 |    12 ||    33
       Bread ration      |       |       |       |       |     1 |     1 ||     2
